 Dungeon Crawl Stone Soup version 0.31-a0-145-g046c7d2549 (webtiles) character file.

Game seed: 7835608442917570706

2222 qw the Skirmisher (level 9, -8/79 HPs)
             Began as a Minotaur Hunter on June 7, 2023.
             Mangled by a troll (9 damage)
             ... on level 6 of the Dungeon.
             The game lasted 00:02:11 (4149 turns).

qw the Skirmisher (Minotaur Hunter)                 Turns: 4149, Time: 00:02:12

Health: -8/79      AC:  8    Str: 16    XL:     9   Next: 13%
Magic:  8/8        EV: 13    Int:  6    God:
Gold:   278        SH:  0    Dex: 18    Spells: 8/8 levels left

rFire   . . .        Y - +1 shortbow
rCold   . . .        (shield currently unavailable)
rNeg    . . .        f - +0 ring mail {rPois}
rPois   +            (helmet restricted)
rElec   .            c - +0 cloak
rCorr   .            g - +0 pair of gloves
SInv    .            (no boots)
Will    +....        a - amulet of regeneration
Stlth   +            b - ring of willpower
HPRegen 1.13/turn    (no ring)
MPRegen 0.11/turn

%: no passive effects
@: no status effects
A: horns 2, retaliatory headbutt
a: no special abilities


You were on level 6 of the Dungeon.
You visited 2 branches of the dungeon, and saw 7 of its levels.

You collected 278 gold pieces.


Innate Abilities, Weirdness & Mutations

You have a pair of horns on your head.
You reflexively headbutt those who attack you in melee.


   Skills:
 - Level 7.0 Fighting
 + Level 11.2 Ranged Weapons
 - Level 4.4 Armour
 - Level 4.3 Dodging
 - Level 0.7 Stealth


You had 8 spell levels left.
You didn't know any spells.
Your spell library was empty.

Inventory:

Hand Weapons
 Y - a +1 shortbow (weapon)
Armour
 c - a +0 cloak (worn)
 f - a +0 ring mail of poison resistance (worn)
 g - a +0 pair of gloves (worn)
Jewellery
 a - an amulet of regeneration (around neck)
 b - a ring of willpower (left hand)
Scrolls
 h - a scroll of noise {unknown}
 i - a scroll of identify
 o - a scroll of brand weapon {unknown}
Potions
 d - 2 potions of curing
 e - a potion of cancellation
 j - a potion of haste
 k - a potion of berserk rage {unknown}
 l - a potion of lignification {unknown}
 m - 2 potions of heal wounds {unknown}
 n - a potion of magic {unknown}

Dungeon Overview and Level Annotations

Branches:
Dungeon (6/15)             Temple (1/1) D:6

Altars:
Ashenzari
Cheibriados
Dithmenos
Elyvilon
Fedhas
Gozag
Kikubaaqudgha
Makhleb
Qazlal
Ru
Trog

Shops:
D:4 (

Annotations:
D:5 1 runed translucent door, qw's ghost, amateur GrFi


Message History

The yak is moderately wounded.
The troll bites you. The troll claws you! The troll closely misses you.
The yak barely misses you.
You shoot an arrow.
The arrow hits the yak but does no damage.
The yak is moderately wounded.
The troll bites you but does no damage. The troll claws you!
The troll barely misses you. The yak closely misses you.
You furiously retaliate!
You headbutt the yak! You shoot an arrow.
The arrow hits the yak but does no damage.
The yak is severely wounded.
The yak gores you but does no damage. The troll closely misses you.
The troll claws you. The troll closely misses you.
You shoot an arrow.
The arrow hits the yak but does no damage.
The yak is severely wounded.
The troll closely misses you. The troll claws you! The troll claws you.
The yak gores you!
You shoot an arrow. The arrow hits the yak.
The yak is almost dead.
The troll bites you but does no damage. The troll barely misses you.
The troll claws you. The yak misses you.
You shoot an arrow. The arrow hits the yak!
You kill the yak!
The troll bites you! The troll closely misses you.
The troll claws you but does no damage.
Your Dodging skill increases to level 4!
You shoot an arrow. The arrow closely misses the troll.
The troll bites you! The troll claws you but does no damage.
The troll claws you.
You shoot an arrow. The arrow hits the troll.
The troll is lightly wounded.
The troll bites you but does no damage. The troll closely misses you.
The troll claws you but does no damage.
You shoot an arrow. The arrow closely misses the troll.
You shoot an arrow. The arrow hits the troll!
The troll is heavily wounded.
The troll bites you. The troll claws you. The troll claws you!
You die...

##########
#........#####
#.##...#.#...
##..#...#.## ##
##..###.....## #
#.##.#..#....#..#
#.
##.%.##...#....##
#.##.##.######.#.##
#.T@###........#.#
#.##.# #..#######.#
.#. #### ##'## ##
## ##...## ##.....#
##....... #........
+........ #........


You could see a troll.

Vanquished Creatures
  Grinder (D:5)
  A yak (D:6)
  Eustachio (D:6)
  A wyvern (D:6)
  Menkaure (D:5)
  A black bear (D:6)
  2 ice beasts (D:6)
  3 ogres
  A phantom (D:5)
  A bullfrog (D:6)
  2 scorpions
  2 water moccasin zombies
  A howler monkey (D:5)
  A centaur zombie (D:4)
  2 jellies
  A bullfrog skeleton (D:4)
  A hound (D:6)
  3 iguanas (D:6)
  An orc wizard (D:3)
  3 hound zombies (D:4)
  A hound skeleton (D:4)
  Robin (D:2)
  4 gnolls (D:4)
  7 adders
  2 shadow imps
  An ufetubus (D:4)
  2 adder zombies (D:4)
  3 worms (D:2)
  A dart slug (D:2)
  9 orcs
  8 ball pythons
  6 endoplasms
  4 giant cockroaches
  13 goblins
  9 hobgoblins
  13 jackals
  2 quokkas
  14 bats
  3 frilled lizards (D:1)
  6 kobolds
  2 rats
141 creatures vanquished.

Notes
Turn   | Place    | Note
-------+----------+-------------------------------------------
     0 | D:1      | qw the Minotaur Hunter began the quest for the Orb.
     0 | D:1      | Reached XP level 1. HP: 18/18 MP: 0/0
     0 | D:1      | 0 ||| qw: Version: 0.2-a-117-gc6b5c8b
     0 | D:1      | 0 ||| qw: Game counter: 2530
     0 | D:1      | 0 ||| qw: Always use a shield: true
     0 | D:1      | 0 ||| qw: God list: Okawaru
     0 | D:1      | 0 ||| qw: Allow faded altars: false
     0 | D:1      | 0 ||| qw: Do Orc after D:15 true
     0 | D:1      | 0 ||| qw: Do second Lair branch before Depths: true
     0 | D:1      | 0 ||| qw: Lair rune preference: random
     0 | D:1      | 0 ||| qw: Plans: Normal
     0 | D:1      | 0 ||| PLANNING D:1-11
   182 | D:1      | Reached XP level 2. HP: 24/25 MP: 1/1
   187 | D:1      | Reached skill level 5 in Ranged Weapons
   278 | D:1      | Reached skill level 3 in Fighting
   353 | D:1      | Reached XP level 3. HP: 30/31 MP: 2/2
   660 | D:1      | 660 ||| READING scroll labelled MIRHEO LIRUSA.
   661 | D:1      | 661 ||| READING scroll labelled KUS BACIHETOESM.
   662 | D:1      | 662 ||| READING scroll labelled MADEIN WUFEL.
   663 | D:1      | 663 ||| READING scroll labelled ZIHES BITEAHAIHU.
   664 | D:1      | 664 ||| READING scroll labelled RIJEUSM UGOJY.
   665 | D:1      | 665 ||| DROPPING scroll of butterflies.
   793 | D:2      | Reached XP level 4. HP: 38/38 MP: 3/3
   859 | D:2      | Reached skill level 6 in Ranged Weapons
  1216 | D:2      | 1216 ||| UPGRADING to amulet of regeneration.
  1221 | D:2      | 1221 ||| DROPPING amulet of magic regeneration.
  1222 | D:2      | 1222 ||| READING scroll labelled WUDOUNERR.
  1223 | D:2      | 1223 ||| READING scroll labelled QITIPANIGH.
  1224 | D:2      | 1224 ||| READING scroll labelled YTUWAIDDON.
  1224 | D:2      | Identified a scroll of acquirement
  1224 | D:2      | 1224 ||| ACQUIRING ring of willpower
  1224 | D:2      | Acquired a ring of willpower
  1226 | D:2      | 1226 ||| UPGRADING to ring of willpower.
  1227 | D:2      | 1227 ||| READING scroll labelled YMANEO VOOCK.
  1243 | D:3      | Noticed Robin
  1246 | D:3      | 1246 ||| STAIRDANCE
  1283 | D:3      | 1283 ||| STAIRDANCE
  1287 | D:2      | Killed Robin
  1405 | D:3      | You fall into a shaft and drop 1 floor!
  1405 | D:4      | Found a blossoming altar of Fedhas.
  1408 | D:4      | Noticed a scorpion
  1415 | D:4      | Killed a scorpion
  1416 | D:4      | Reached XP level 5. HP: 32/46 MP: 4/4
  1447 | D:4      | Found a bloodstained altar of Trog.
  1492 | D:4      | Reached skill level 7 in Ranged Weapons
  1516 | D:4      | 1516 ||| UPGRADING to +0 pair of gloves.
  1521 | D:4      | 1521 ||| READING scroll labelled KEAROE VEUNU.
  1522 | D:4      | 1522 ||| DRINKING 3 fizzy golden potions.
  1523 | D:4      | 1523 ||| READING 2 scrolls of identify.
  1523 | D:4      | 1523 ||| IDENTIFYING glowing emerald potion
  1524 | D:4      | 1524 ||| DROPPING potion of brilliance.
  1760 | D:3      | Reached skill level 1 in Armour
  1760 | D:3      | Reached XP level 6. HP: 52/52 MP: 5/5
  1822 | D:3      | Found a snail-covered altar of Cheibriados.
  1926 | D:3      | Found a broken altar of Ashenzari.
  2097 | D:3      | 2097 ||| UPGRADING to +0 ring mail of poison resistance.
  2107 | D:3      | 2107 ||| DROPPING +0 leather armour.
  2156 | D:3      | 2156 ||| DRINKING 2 brown potions.
  2157 | D:3      | 2157 ||| READING 2 scrolls of identify.
  2157 | D:3      | 2157 ||| IDENTIFYING silvery potion
  2158 | D:3      | 2158 ||| DROPPING potion of attraction.
  2508 | D:4      | Found Fuiff's Weapon Boutique.
  2577 | D:4      | Reached skill level 8 in Ranged Weapons
  2691 | D:5      | Entered Level 5 of the Dungeon
  2741 | D:5      | Noticed Grinder
  2755 | D:5      | Reached XP level 7. HP: 61/61 MP: 6/6
  2769 | D:5      | 2769 ||| FLEEEEING.
  2770 | D:5      | 2770 ||| FLEEEEING.
  2771 | D:5      | 2771 ||| FLEEEEING.
  2773 | D:5      | 2773 ||| STAIRDANCE
  2786 | D:5      | Killed Grinder
  2851 | D:5      | Found a runed translucent door.
  2851 | D:5      | Noticed a troll
  2851 | D:5      | Noticed qw's ghost (amateur GrFi)
  3067 | D:5      | Reached skill level 9 in Ranged Weapons
  3067 | D:5      | Reached XP level 8. HP: 63/68 MP: 7/7
  3089 | D:5      | Noticed Menkaure
  3098 | D:5      | Killed Menkaure
  3099 | D:5      | Reached skill level 3 in Dodging
  3147 | D:5      | Identified the +8 whip of Gin and Tonic {heavy, rF+++ rC++
                  | Will+ Int-2}
  3381 | D:5      | 3381 ||| UPGRADING to +0 cloak.
  3386 | D:5      | 3386 ||| READING scroll labelled KOQOCE QEITE.
  3443 | D:5      | 3443 ||| READING 2 scrolls of identify.
  3443 | D:5      | 3443 ||| IDENTIFYING golden potion
  3470 | D:6      | Found a staircase to the Ecumenical Temple.
  3471 | D:6      | 3471 ||| PLANNING TEMPLE
  3475 | D:6      | Noticed Eustachio
  3489 | D:6      | Killed Eustachio
  3490 | D:6      | Reached skill level 6 in Fighting
  3497 | Temple   | Entered the Ecumenical Temple
  3531 | Temple   | 3531 ||| PLANNING D:1-11
  3740 | D:6      | Reached skill level 10 in Ranged Weapons
  4132 | D:6      | Reached skill level 11 in Ranged Weapons
  4132 | D:6      | Reached XP level 9. HP: 79/79 MP: 8/8
  4137 | D:6      | Noticed a troll
  4145 | D:6      | HP: 16/79 [troll (11)]
  4146 | D:6      | HP: 3/79 [troll (14)]
  4149 | D:6      | HP: 1/79 [troll (1)]
  4149 | D:6      | Mangled by a troll

Levels and vault maps discovered:
D:1:      lemuel_arrival_tunnels, layout_basic
D:2:      layout_basic
D:3:      layout_basic, general_overflow_altar, mainiacjoe_overflow_alcove_1,
          uniq_robin
D:4:      layout_rooms, mainiacjoe_overflow_brackets, fedhas_altar_fruit_tree,
          serial_shops, nicolae_shop_pleasant_corner_grove, serial_undead,
          serial_undead_d, serial_undead_b, serial_undead_e, serial_undead_e
D:5:      layout_gridville, ebering_ghost_inner_flame, water_boxes_lemuel,
          uniq_grinder, uniq_menkaure
D:6:      minmay_cornered_nines, layout_loops_corners,
          minmay_temple_entry_glass, serial_shops, shop, hangedman_decor_push,
          corexii_item_surrounded_by_moat, uniq_prince_ribbit1, uniq_eustachio
Temple:   hellmonk_temple_of_storms

Skill      XL: |  1  2  3  4  5  6  7  8  9 |
---------------+----------------------------+-----
Ranged Weapons | 5 6 7 8 9 11 | 11.2
Fighting       | 3 4 5 7 |  7.0
Armour         | 1 4 |  4.4
Dodging        | 3 4 |  4.3
Stealth        | |  0.7

Action                     |  1- 3 |  4- 6 |  7- 9 || total
---------------------------+-------+-------+-------++-------
   Fire: Shortbow          |    86 |   245 |   201 ||   532
    Use: Scroll            |     5 |     7 |     2 ||    14
         Potion            |       |     2 |       ||     2
 Armour: Leather armour    |     6 |    28 |       ||    34
         Ring mail         |       |    17 |    85 ||   102
  Dodge: Dodged            |    20 |    93 |    99 ||   212

Table legend:
 A = Non-vault XP
 B = Vault XP
 C = Vault XP percentage of total XP
 D = Non-vault monster count
 E = Vault monster count
 F = Vault count percentage of total count
                 A         B        C        D         E       F
            +---------+---------+-------+---------+---------+-------
      Total |    1782 |    1393 |  43.9 |     115 |      26 |  18.4
            +---------+---------+-------+---------+---------+-------
        D:1 |      47 |       0 |   0.0 |      29 |       0 |   0.0
        D:2 |      92 |      18 |  16.4 |      27 |       3 |  10.0
        D:3 |     108 |      14 |  11.5 |      20 |       8 |  28.6
        D:4 |     162 |     256 |  61.2 |      13 |       9 |  40.9
        D:5 |     545 |     434 |  44.3 |      14 |       2 |  12.5
        D:6 |     828 |     671 |  44.8 |      12 |       4 |  25.0
            +---------+---------+-------+---------+---------+-------
